 Dungeon Crawl Stone Soup version 0.23-a0-625-g1d2cd9b (console) character file.

52014 Duffy the Eclecticist (level 14, 24/82 HPs)
             Began as a Deep Elf Summoner on Dec 24, 2018.
             Was the Champion of Kikubaaqudgha.
             Quit the game on level 2 of the Orcish Mines.
             The game lasted 01:11:04 (31537 turns).

Duffy the Eclecticist (Deep Elf Summoner)          Turns: 31537, Time: 01:11:04

Health: 24/82      AC:  9    Str:  3 (5)  XL:     14   Next: 25%
Magic:  5/36       EV: 15    Int: 25 (26) God:    Kikubaaqudgha [******]
Gold:   1134       SH:  0    Dex: 14 (15) Spells: 12/46 levels left

rFire    + . .     SeeInvis .   E - +0 demon trident (elec)
rCold    . . .     Gourm    .   (no shield)
rNeg     + . .     Faith    +   R - +2 robe {MR+}
rPois    +         Spirit   .   U - +0 helmet of Trog's Approval {rElec rPois rF+}
rElec    +         Reflect  .   B - +2 cloak {MR+}
rCorr    +         Harm     .   (no gloves)
MR       +++..                  f - +0 pair of boots
Stlth    ++........             O - amulet of faith
HPRegen  0.23/turn              k - ring of positive energy
MPRegen  0.25/turn              t - ring of resist corrosion

@: no status effects
A: no striking features
a: Receive Corpses, Torment, Renounce Religion


You were on level 2 of the Orcish Mines.
You worshipped Kikubaaqudgha.
Kikubaaqudgha was exalted by your worship.
You were not hungry.

You visited 4 branches of the dungeon, and saw 20 of its levels.
You also visited: Bailey.

You collected 1500 gold pieces.
You spent 366 gold pieces at shops.

Inventory:

Hand Weapons
 E - a +0 demon trident of electrocution (weapon)
Missiles
 J - 8 throwing nets (quivered)
Armour
 f - a +0 pair of boots (worn)
 x - the +0 helmet "Gokh" {MR+ Int+2}
   (You found it on level 7 of the Dungeon)

   It affects your intelligence (+2).
   It affects your resistance to hostile enchantments.
 B - a +2 cloak of magic resistance (worn)
 P - the +4 ring mail "Neogarum" {rF+ MP+9 Dex+2}
   (You found it on level 1 of the Lair of Beasts)

   It affects your dexterity (+2).
   It protects you from fire.
   It affects your magic capacity (+9).
 R - a +2 robe of magic resistance (worn)
 U - the +0 helmet of Trog's Approval (worn) {rElec rPois rF+}
   (You found it on level 3 of the Lair of Beasts)

   It protects you from fire.
   It insulates you from electricity.
   It protects you from poison.
Jewellery
 k - a ring of positive energy (left hand)
 t - a ring of resist corrosion (right hand)
 O - an amulet of faith (around neck)
 X - an uncursed amulet of magic regeneration {unknown}
Wands
 b - a wand of random effects (45)
 e - a wand of flame (14)
 w - a wand of polymorph (10)
 z - a wand of disintegration (5)
 F - a wand of enslavement (9)
 I - a wand of iceblast (48)
Scrolls
 h - 5 scrolls of enchant weapon {unknown}
 i - 6 scrolls of blinking
 l - 4 scrolls of amnesia
 m - 6 scrolls of enchant armour
 n - 3 scrolls of fog
 r - 6 scrolls of teleportation
 C - 3 scrolls of fear
 D - 2 scrolls of random uselessness {unknown}
 G - a scroll of summoning
 M - a scroll of magic mapping
 Q - 2 scrolls of immolation
 T - a scroll of holy word
 W - a scroll of remove curse
Potions
 a - 4 potions of cancellation
 g - 3 potions of lignification
 j - 2 potions of agility
 p - 3 potions of might
 q - 3 potions of magic
 s - 2 potions of haste
 u - 3 potions of brilliance
 v - 6 potions of curing
 H - a potion of mutation
 K - 2 potions of resistance
 N - 3 potions of flight
 Y - a potion of invisibility
Miscellaneous
 L - a box of beasts
Comestibles
 c - 24 rations
 o - a chunk of flesh


   Skills:
 - Level 7.3 Fighting
 - Level 6.0 Dodging
 - Level 2.4 Stealth
 + Level 16.8 Spellcasting
 - Level 5.0 Conjurations
 - Level 10.0 Summonings
 + Level 16.0 Necromancy
 - Level 6.0 Ice Magic
 - Level 4.0 Air Magic
 - Level 5.0 Evocations


You had 12 spell levels left.
You knew the following spells:

 Your Spells              Type           Power        Failure   Level  Hunger
b - Sublimation of Blood  Necr           #######...   0%          2    None
h - Bolt of Draining      Conj/Necr      ######....   1%          5    None
j - Summon Ice Beast      Ice/Summ       ######..     1%          4    None
k - Call Canine Familiar  Summ           ######..     1%          3    None
l - Summon Lightning Spi  Summ/Air       ######..     1%          4    None
o - Simulacrum            Ice/Necr       ######....   4%          6    ####...
u - Haunt                 Necr/Summ      ######....   10%         7    #####..
y - Regeneration          Chrm/Necr      ######....   1%          3    None

Your spell library contained the following spells:

 Spells                   Type           Power        Failure   Level  Hunger
 Animate Skeleton         Necr           N/A          0%          1    None
 Pain                     Necr           ####         0%          1    None
 Vampiric Draining        Necr           #######...   0%          3    None
 Flame Tongue             Conj/Fire      ####.        1%          1    None
 Freeze                   Ice            ####         1%          1    None
 Sting                    Conj/Pois      ####         1%          1    None
 Summon Small Mammal      Summ           ####         1%          1    None
 Call Imp                 Summ           ######..     1%          2    None
 Poisonous Vapours        Pois/Air       ####..       1%          2    None
 Swiftness                Chrm/Air       ####....     1%          2    None
 Throw Flame              Conj/Fire      ####..       1%          2    None
 Throw Frost              Conj/Ice       #####.       1%          2    None
 Summon Guardian Golem    Hex/Summ       #####...     1%          3    None
 Animate Dead             Necr           N/A          1%          4    None
 Agony                    Necr           #######.     1%          5    None
 Dispel Undead            Necr           #######.     1%          5    None
 Conjure Flame            Conj/Fire      ####....     2%          3    None
 Mephitic Cloud           Conj/Pois/Air  #####...     2%          3    None
 Ozocubu's Armour         Chrm/Ice       #####...     2%          3    None
 Throw Icicle             Conj/Ice       #####...     2%          4    None
 Excruciating Wounds      Chrm/Necr      ######....   2%          5    None
 Passwall                 Tmut/Erth      ###.....     3%          2    None
 Ignite Poison            Fire/Tmut/Pois ###.....     8%          3    None
 Inner Flame              Hex/Fire       ###.....     8%          3    None
 Sticky Flame             Conj/Fire      ####....     9%          4    None
 Borgnjor's Revivificati  Necr           #######...   22%         8    #######
 Infestation              Necr           #######...   22%         8    #######
 Cause Fear               Hex            ###.......   24%         4    None
 Olgreb's Toxic Radiance  Pois           ###.....     24%         4    None
 Passage of Golubria      Tloc           N/A          24%         4    None
 Petrify                  Tmut/Erth      ###.....     24%         4    None
 Fireball                 Conj/Fire      ####......   24%         5    None
 Irradiate                Conj/Tmut      ####......   24%         5    None
 Venom Bolt               Conj/Pois      ####......   24%         5    None
 Silence                  Hex/Air        ####......   30%         5    None
 Freezing Cloud           Conj/Ice/Air   #####.....   43%         6    ####...
 Alistair's Intoxication  Tmut/Pois      ###.....     56%         5    None
 Lee's Rapid Deconstruct  Erth           ###.......   56%         5    None
 Yara's Violent Unravell  Hex/Tmut       ###.......   56%         5    None
 Deflect Missiles         Chrm/Air       ####......   86%         6    ####...
 Darkness                 Hex            ###.......   98%         6    ####...
 Invisibility             Hex            ###.....     98%         6    ####...
 Death's Door             Chrm/Necr      ######....   99%         8    #######
 Necromutation            Tmut/Necr      ######....   99%         8    #######
 Ring of Flames           Chrm/Fire      ###.......   100%        7    #####..
 Discord                  Hex            ###.......   100%        8    #######


Dungeon Overview and Level Annotations

Branches:
Dungeon (11/15)            Temple (1/1) D:4            Lair (6/6) D:11
 Shoals (0/4) Lair:4       Spider (0/4) Lair:2        Slime (0/5) Lair:6
    Orc (2/2) D:11
    Elf: Orc:2

Altars:
Ashenzari
Cheibriados
Dithmenos
Elyvilon
Fedhas
Gozag
Hepliaklqana
Kikubaaqudgha
Makhleb
Nemelex Xobeh
Okawaru
Qazlal
Ru
Sif Muna
Trog
Uskayaw
Vehumet
Wu Jian
Xom
Yredelemnul
Zin
The Shining One

Shops:
D:4 ?=*   Orc:2 %


Message History

A magic dart appears from out of thin air!
The magic dart hits you!
The orc priest looks braver for a moment.
Something hits you but does no damage. x2
Things that are here:
a +0 hand axe; a +0 chain mail; 30 gold pieces Use which ability? (? or * to list) Kikubaaqudgha delivers you corpses!
You feel somewhat more hungry. Something barely misses you. Something hits you.
Something hits you but does no damage. x2
Something hits you but does no damage.
The orc priest mumbles some strange prayers to Beogh against you.
Beogh smites you! The orc closely misses you. Something barely misses you.
You see here a warg corpse.
You feel much better. Something barely misses you. Something hits you.
The orc hits you but does no damage. Something hits you but does no damage.
You hear some strange, mumbled words.
A magic dart appears from out of thin air!
The magic dart hits you!
Are you sure you want to abandon this character and quit the game? (Confirm

...# .......
#....## .......
#....##.......
#...#........ #...
.......
####.)##.......
.#.##.#...o#.......
.........o.@..#....
#....){).......
#...##.%o#......
#....###..###.....
.....###).## #....
##.####..###. #...
.. ##..###.. #.. #
##..###.#. #.
##..###...#


You could see an orc priest and 2 orcs.

Vanquished Creatures
  An orc warlord (Orc:1)
  5 hydras
  2 catoblepae (Lair:6)
  Erica (Lair:2)
  A centaur warrior (D:11)
  A deep troll shaman (Lair:6)
  7 death yaks
  2 orc high priests (Orc:2)
  A sixfirhy (Orc:2)
  2 unseen horrors
  2 orc knights
  2 manticores (D:11)
  A merfolk siren (Lair:4)
  4 elephants
  16 spiny frogs
  A centaur skeleton (D:11)
  A black mamba (Lair:5)
  2 rime drakes
  An ice devil (Orc:2)
  2 komodo dragons
  A queen bee (D:11)
  A meliai (D:11)
  3 polar bears
  9 blink frogs
  5 hippogriffs
  A wyvern (Lair:1)
  3 redbacks (Lair:2)
  37 yaks
  A basilisk (Lair:5)
  3 wargs
  5 water moccasins
  7 porcupines
  18 orc warriors
  An ice beast (D:11)
  A black bear (D:11)
  A phantom (D:9)
  3 ogres
  8 wolves
  A centaur (D:10)
  4 crocodiles
  5 bullfrogs
  A scorpion (D:9)
  24 killer bees
  7 electric eels
  A crimson imp (D:10)
  A centaur zombie (D:10)
  A bullfrog zombie (D:10)
  A jelly (D:11)
  2 hounds
  5 orc wizards
  12 orc priests (Orc:2)
  A bullfrog skeleton (D:10)
  An iguana (D:9)
  A gnoll (Bailey)
  2 adders
  A shadow imp (D:8)
  16 orcs
250 creatures vanquished.

Vanquished Creatures (collateral kills)
  The ghost of Plog the Severer, a journeyman MiBe of Trog (Lair:3)
  The ghost of Gildeon the Markscentaur, a journeyman CeHu of Okawaru (Lair:6)
  A hydra (Lair:6)
  A catoblepas (Lair:5)
  A tengu warrior (D:10)
  2 death yaks
  Pikel (D:7)
  An ugly thing (D:11)
  4 oklob plants
  An orc sorcerer (Orc:2)
  2 manticores
  An orange demon (Orc:2)
  A polar bear (Lair:3)
  5 trolls
  A hornet (D:10)
  Prince Ribbit (Lair:2)
  11 blink frogs
  3 hippogriffs
  A water elemental (D:11)
  A spriggan (Lair:3)
  23 yaks
  A chaos spawn (Orc:2)
  A hungry ghost (D:11)
  3 wargs (D:11)
  3 water moccasins
  4 porcupines
  3 orc warriors
  A black bear (Lair:3)
  3 sky beasts
  A slave (D:7)
  2 ice beasts
  An eye of draining (D:10)
  7 ogres
  2 centaurs
  7 wolves
  4 crocodiles
  6 bullfrogs
  9 gnoll sergeants
  2 scorpions
  14 killer bees
  A howler monkey (D:4)
  4 wights (D:9)
  6 crimson imps
  6 bullfrog zombies
  Crazy Yiuf (D:7)
  10 hounds
  4 orc priests
  A centaur skeleton (D:5)
  A bullfrog skeleton (D:11)
  6 gnoll shamans (Bailey)
  10 orc wizards
  Jessica (D:3)
  5 iguanas
  4 worker ants
  A hound skeleton (D:5)
  2 howler monkey zombies (D:5)
  3 worker ant zombies
  18 gnolls
  10 adders
  4 shadow imps
  An ooze (D:2)
  A worm (D:3)
  3 adder skeletons
  2 adder zombies (D:5)
  A dart slug (D:1)
  5 leopard geckos
  29 orcs
  6 bats
  5 giant cockroaches
  5 hobgoblins
  6 jackals
  6 quokkas
  A ball python (D:6)
  5 frilled lizards
  A giant cockroach zombie (D:5)
  10 goblins
  A jackal skeleton (D:5)
  9 kobolds
  2 leopard gecko skeletons (D:3)
  3 leopard gecko zombies (D:5)
  2 quokka skeletons (D:5)
  7 rats
  A fungus (Lair:6)
  2 plants
350 creatures vanquished.

Vanquished Creatures (others)
  5 fungi
  6 plants
  5 toadstools (D:1)
16 creatures vanquished.

Grand Total: 616 creatures vanquished

Notes
Turn   | Place    | Note
-------+----------+-------------------------------------------
     0 | D:1      | Duffy the Deep Elf Summoner began the quest for the Orb.
     0 | D:1      | Reached XP level 1. HP: 10/10 MP: 6/6
   313 | D:1      | Reached XP level 2. HP: 12/15 MP: 3/8
   317 | D:1      | Learned a level 2 spell: Call Imp
   516 | D:4      | Found Poxt's Jewellery Shoppe.
   516 | D:4      | Noticed a howler monkey
   523 | D:4      | Killed a howler monkey
   523 | D:4      | Reached skill level 5 in Summonings
   523 | D:4      | Reached XP level 3. HP: 8/19 MP: 0/10
   865 | D:4      | Found a staircase to the Ecumenical Temple.
   874 | Temple   | Entered the Ecumenical Temple
  1033 | Temple   | Became a worshipper of Kikubaaqudgha
  1464 | D:1      | Learned a level 3 spell: Call Canine Familiar
  2361 | D:2      | Reached XP level 4. HP: 24/24 MP: 4/12
  2372 | D:2      | Learned a level 4 spell: Summon Lightning Spire
  2683 | D:3      | Found a sacrificial altar of Ru.
  2805 | D:3      | Reached * piety under Kikubaaqudgha
  2805 | D:3      | Identified Kikubaaqudgha's Reference Book on Evil Rituals
                  | (Kikubaaqudgha gifted it to you on level 3 of the Dungeon)
  2805 | D:3      | Received a gift from Kikubaaqudgha
  3311 | D:3      | Noticed Jessica
  3329 | D:3      | Killed Jessica
  3329 | D:3      | Reached skill level 5 in Spellcasting
  3329 | D:3      | Reached skill level 1 in Air Magic
  3954 | D:4      | Found Plog's Magic Scroll Shoppe.
  3962 | D:4      | Bought a scroll of blinking for 90 gold pieces
  3962 | D:4      | Bought a scroll of identify for 24 gold pieces
  3962 | D:4      | Bought a scroll of fog for 24 gold pieces
  3962 | D:4      | Bought a scroll of identify for 24 gold pieces
  3990 | D:4      | Reached XP level 5. HP: 28/28 MP: 7/14
  4001 | D:4      | Learned a level 4 spell: Summon Ice Beast
  4253 | D:4      | Found Jiraib's General Store.
  4348 | D:4      | Noticed an ogre
  4592 | D:4      | Killed an ogre
  4592 | D:4      | Reached skill level 1 in Ice Magic
  4859 | D:4      | Bought a scroll of teleportation for 36 gold pieces
  4867 | D:4      | Noticed an ogre
  4890 | D:4      | Killed an ogre
  4890 | D:4      | Reached XP level 6. HP: 26/32 MP: 5/16
  4981 | D:5      | Entered Level 5 of the Dungeon
  5051 | D:5      | Reached ** piety under Kikubaaqudgha
  5474 | D:5      | Reached XP level 7. HP: 36/36 MP: 8/18
  5768 | D:5      | Found a glowing silver altar of Zin.
  6076 | D:4      | Bought a potion of curing for 36 gold pieces
  6418 | D:6      | Reached skill level 1 in Fighting
  6530 | D:6      | Reached *** piety under Kikubaaqudgha
  6530 | D:6      | Identified Kikubaaqudgha's Incunabulum of Necromancy
                  | (Kikubaaqudgha gifted it to you on level 6 of the Dungeon)
  6530 | D:6      | Received a gift from Kikubaaqudgha
  6604 | D:6      | Learned a level 3 spell: Regeneration
  6851 | D:7      | Noticed a hippogriff
  6868 | D:7      | Killed a hippogriff
  6868 | D:7      | Reached skill level 1 in Necromancy
  6954 | D:7      | Reached XP level 8. HP: 42/44 MP: 4/19
  6965 | D:7      | Got a distressingly furry helmet
  7085 | D:7      | Identified the cursed +0 helmet "Gokh" {MR+ Int+2} (You
                  | found it on level 7 of the Dungeon)
  7440 | D:7      | Found a hazy altar of Hepliaklqana.
  7449 | D:7      | Learned a level 2 spell: Sublimation of Blood
  7623 | D:7      | Found a runed door.
  7627 | D:7      | Noticed Crazy Yiuf
  7629 | D:7      | Killed Crazy Yiuf
  7832 | D:7      | Noticed Pikel
  7853 | D:7      | Killed Pikel
  8096 | D:4      | Bought a scroll of enchant armour for 90 gold pieces
  8096 | D:4      | Bought a scroll of amnesia for 42 gold pieces
  8199 | D:8      | Found a shattered altar of Ashenzari.
  8551 | D:8      | Reached skill level 5 in Dodging
  9507 | D:9      | Reached **** piety under Kikubaaqudgha
  9532 | D:9      | Found a flagged portal.
  9542 | Bailey   | Entered a bailey
  9732 | Bailey   | Learned a level 5 spell: Bolt of Draining
  9754 | Bailey   | Reached XP level 9. HP: 51/51 MP: 9/24
 10008 | Bailey   | Reached skill level 1 in Conjurations
 10979 | D:9      | Reached ***** piety under Kikubaaqudgha
 11324 | D:10     | Entered Level 10 of the Dungeon
 11324 | D:10     | Found an opulent altar of Gozag.
 11329 | D:10     | Reached skill level 5 in Necromancy
 11828 | D:10     | Noticed a manticore
 11930 | D:10     | Killed a manticore
 11930 | D:10     | Reached skill level 5 in Fighting
 11991 | D:10     | Reached skill level 5 in Conjurations
 12021 | D:10     | Noticed a troll
 12030 | D:10     | Killed a troll
 12030 | D:10     | Reached XP level 10. HP: 59/59 MP: 17/25
 12574 | D:10     | Noticed a tengu warrior
 12598 | D:10     | Killed a tengu warrior
 12728 | D:10     | Killed an unseen horror
 13121 | D:11     | Noticed a cyan ugly thing
 13123 | D:11     | Noticed a centaur warrior
 13125 | D:11     | Killed a centaur warrior
 13398 | D:11     | Reached skill level 10 in Necromancy
 13586 | D:11     | Noticed a manticore
 13610 | D:11     | Killed a manticore
 13610 | D:11     | Reached skill level 10 in Spellcasting
 14186 | D:11     | Killed a cyan ugly thing
 14186 | D:11     | Reached skill level 1 in Evocations
 14674 | D:11     | Reached XP level 11. HP: 37/66 MP: 4/27
 14922 | D:11     | Found a staircase to the Orcish Mines.
 15093 | D:11     | Found a staircase to the Lair.
 15556 | D:11     | Noticed an oklob plant
 15576 | D:11     | Killed an oklob plant
 15684 | D:11     | Noticed an oklob plant
 15857 | D:11     | Killed an oklob plant
 16027 | Lair:1   | Entered Level 1 of the Lair of Beasts
 16307 | Lair:1   | Got a faintly humming ring mail
 16379 | Lair:1   | Identified the +4 ring mail "Neogarum" {rF+ MP+9 Dex+2}
                  | (You found it on level 1 of the Lair of Beasts)
 16555 | Lair:1   | Reached skill level 5 in Evocations
 16576 | Lair:1   | Learned a level 6 spell: Simulacrum
 16788 | Lair:1   | Noticed a seven-headed hydra
 16801 | Lair:1   | Killed a seven-headed hydra
 17803 | Lair:2   | Reached skill level 5 in Ice Magic
 17915 | Lair:2   | Reached ****** piety under Kikubaaqudgha
 18163 | Lair:1   | Received a gift from Kikubaaqudgha
 18489 | Lair:2   | HP: 3/67 [poisoned by a redback]
 18645 | Lair:2   | Found a hole to the Spider Nest.
 18889 | Lair:2   | Noticed Prince Ribbit
 18897 | Lair:2   | Killed Prince Ribbit
 19381 | Lair:2   | Noticed Erica
 19384 | Lair:2   | Killed Erica
 19384 | Lair:2   | Reached XP level 12. HP: 72/72 MP: 18/30
 19673 | Lair:2   | Noticed a five-headed hydra
 19677 | Lair:2   | Killed a five-headed hydra
 19836 | Lair:2   | Learned a level 7 spell: Haunt
 20627 | Lair:3   | Found a runed gate.
 20628 | Lair:3   | Found a runed gate.
 20629 | Lair:3   | Found a runed gate.
 20629 | Lair:3   | Noticed Plog's ghost (journeyman MiBe)
 20861 | Lair:3   | Got a scorched helmet
 20875 | Lair:3   | Identified the +0 helmet of Trog's Approval {rElec rPois
                  | rF+} (You found it on level 3 of the Lair of Beasts)
 20975 | Lair:3   | Killed Plog's ghost
 22283 | Lair:4   | Got a bone hand axe
 22284 | Lair:4   | Identified the +4 hand axe of Basia {venom, rPois rC++ MR-
                  | Int+6} (You found it on level 4 of the Lair of Beasts)
 22505 | Lair:4   | You fall through a shaft for 2 floors!
 22505 | Lair:6   | Entered Level 6 of the Lair of Beasts
 22904 | Lair:4   | Found a staircase to the Shoals.
 23188 | Lair:5   | Got a smoking trident
 23189 | Lair:5   | Identified the cursed +0 trident "Xezom" {freeze, +Inv
                  | rElec Str-4} (You found it on level 5 of the Lair of
                  | Beasts)
 23467 | Lair:5   | Noticed a five-headed hydra
 23871 | Lair:5   | Killed a five-headed hydra
 23871 | Lair:5   | Reached XP level 13. HP: 76/76 MP: 16/33
 25378 | Lair:6   | Found a large runed door.
 25378 | Lair:6   | Found a large runed door.
 25382 | Lair:6   | Noticed Gildeon's ghost (journeyman CeHu)
 25520 | Lair:6   | Killed Gildeon's ghost
 25764 | Lair:6   | Found a staircase to the Slime Pits.
 25779 | Lair:6   | Reached skill level 15 in Spellcasting
 25779 | Lair:6   | Reached skill level 10 in Summonings
 27142 | Lair:6   | Reached skill level 15 in Necromancy
 27460 | Lair:6   | Found the +7 Spriggan's Knife {stab, EV+4 Stlth+}
 28552 | D:11     | Got a scorched broad axe
 28553 | D:11     | Identified the +9 broad axe "Pihomm" {chop, Str+3} (You
                  | found it on level 11 of the Dungeon)
 28661 | Orc:1    | Entered Level 1 of the Orcish Mines
 28681 | Orc:1    | Reached XP level 14. HP: 82/82 MP: 30/36
 28820 | Orc:2    | Entered Level 2 of the Orcish Mines
 28865 | Orc:2    | Noticed an orc warlord
 29320 | Orc:1    | Killed an orc warlord
 30974 | Orc:2    | Found Zuepridd's Magic Scroll Boutique.
 30977 | Orc:2    | Found Surokh's Food Shop.
 31537 | Orc:2    | Quit the game

Vault maps used:
D:1:      ldierk_walled_garden
D:3:      nicolae_ru_great_annihilating_truth, minmay_vboxes, uniq_jessica
D:4:      temple_hall, serial_shops, shop, nicolae_shop_trees, shop
D:5:      kennysheep_mini_moat, serial_undead, serial_undead_d, serial_undead_f,
          serial_undead_a, serial_undead_a, serial_undead_c, serial_undead_b,
          first_ration
D:6:      kennysheep_donut
D:7:      overflow_temple_1_default, uniq_crazy_yiuf_cottage, uniq_pikel
D:8:      cheibrodos_ashenzari_chains
D:9:      enter_bailey_6
D:10:     grunt_tengu_nest, nicolae_gozag_seed_capital
D:11:     regret_index_harrowing_hell_hive, erik_lair_island,
          minmay_orc_entry_guard_dogs
Temple:   regret_index_temple_mists
Lair:1:   grunt_megastairs_4
Lair:2:   spider_nest_entry_webs, serial_bayou_lake_a, uniq_erica,
          uniq_prince_ribbit2
Lair:3:   gammafunk_ghost_split, grunt_forest_stairs_clearing
Lair:4:   elwin_shoals_entry_rooms, minmay_lair_oklob_chamber,
          grunt_megastairs_3
Lair:5:   beast_lair_carwin_7
Lair:6:   grunt_lair_end_beastmaster, slime_dummy, ebering_ghost_disaster_area
Orc:1:    minmay_orc_barracks
Orc:2:    pf_orc_diabolical, guppyfry_orc_lava_fort
Bailey:   bailey_polearm_gnolls_kennysheep, bailey

Skill      XL: |  1  2  3  4  5  6  7  8  9 10 11 12 13 14 |
---------------+-------------------------------------------+-----
Spellcasting   | 4 5 6 9 10 12 14 16 | 16.8
Summonings     | 5 6 8 10 | 10.0
Air Magic      | 1 2 3 4 |  4.0
Ice Magic      | 1 3 4 6 |  6.0
Fighting       | 2 3 5 6 7 |  7.3
Dodging        | 4 5 6 |  6.0
Necromancy     | 1 3 7 10 11 13 15 16 | 16.0
Conjurations   | 5 |  5.0
Evocations     | 2 5 |  5.0
Stealth        | |  2.4

Action                   |  1- 3 |  4- 6 |  7- 9 | 10-12 | 13-15 || total
-------------------------+-------+-------+-------+-------+-------++-------
Melee: Demon trident     |       |       |    72 |   159 |    31 ||   262
 Cast: Summon Small Mamm |    37 |    10 |       |       |       ||    47
       Call Imp          |    14 |    21 |     9 |       |       ||    44
       Call Canine Famil |     9 |    26 |    48 |    25 |     5 ||   113
       Summon Ice Beast  |       |     9 |    50 |    97 |     9 ||   165
       Summon Lightning  |       |     1 |    22 |    16 |     2 ||    41
       Bolt of Draining  |       |       |     1 |   141 |   216 ||   358
       Regeneration      |       |       |       |     9 |     6 ||    15
       Sublimation of Bl |       |       |       |     3 |     1 ||     4
       Simulacrum        |       |       |       |     3 |    13 ||    16
Invok: Receive Necronomi |       |       |       |     1 |       ||     1
       Receive Corpses   |       |       |       |       |     1 ||     1
Evoke: Wand              |       |       |     4 |    13 |     9 ||    26
  Use: Scroll            |       |     5 |     6 |    13 |     6 ||    30
       Potion            |       |       |       |     2 |     2 ||     4
 Stab: Sleeping          |       |       |     1 |       |       ||     1
       Distracted        |       |       |       |     2 |     2 ||     4
  Eat: Chunk             |     5 |    12 |    17 |    33 |    18 ||    85
       Ration            |       |       |     2 |     5 |     3 ||    10
Armor: Robe              |    10 |     7 |    21 |    28 |    58 ||   124
Dodge: Dodged            |    19 |    32 |   107 |   226 |   121 ||   505

Table legend:
 A = Non-vault XP
 B = Vault XP
 C = Vault XP percentage of total XP
 D = Non-vault monster count
 E = Vault monster count
 F = Vault count percentage of total count
                 A         B        C        D         E       F
            +---------+---------+-------+---------+---------+-------
      Total |   41479 |   32827 |  44.2 |     378 |     218 |  36.6
            +---------+---------+-------+---------+---------+-------
        D:1 |      28 |       0 |   0.0 |      26 |       0 |   0.0
        D:2 |      25 |       0 |   0.0 |       9 |       0 |   0.0
        D:3 |      28 |      57 |  67.1 |      16 |      12 |  42.9
        D:4 |     254 |       0 |   0.0 |      21 |       0 |   0.0
        D:5 |     349 |     120 |  25.6 |      21 |      15 |  41.7
        D:6 |     307 |       0 |   0.0 |      14 |       0 |   0.0
        D:7 |     694 |     348 |  33.4 |      20 |       2 |   9.1
        D:8 |     245 |       0 |   0.0 |      11 |       0 |   0.0
        D:9 |     794 |       0 |   0.0 |      31 |       0 |   0.0
       D:10 |    2925 |     451 |  13.4 |      32 |       1 |   3.0
       D:11 |    3668 |    6136 |  62.6 |      24 |      58 |  70.7
     Lair:1 |    2967 |     751 |  20.2 |      16 |       7 |  30.4
     Lair:2 |    5150 |    2551 |  33.1 |      23 |       9 |  28.1
     Lair:3 |    4392 |    1300 |  22.8 |      27 |       9 |  25.0
     Lair:4 |    4489 |    1155 |  20.5 |      18 |       4 |  18.2
     Lair:5 |    4923 |    3629 |  42.4 |      19 |       6 |  24.0
     Lair:6 |    6947 |    9127 |  56.8 |      28 |      19 |  40.4
      Orc:1 |    1985 |     689 |  25.8 |       5 |       6 |  54.5
      Orc:2 |    1309 |    5902 |  81.8 |      17 |      40 |  70.2
     Bailey |       0 |     611 | 100.0 |       0 |      30 | 100.0
            +---------+---------+-------+---------+---------+-------
